[Event "Titled Tuesday Blitz February 21 Early 2023"]
[White "Ilkhomi, Jaloliddin"]
[Black "Samsonkin, Artiom"]
[WhiteFideId "14700948"]
[BlackFideId "13503111"]
[WhiteElo "1997"]
[BlackElo "2420"]
[Result "0-1"]
[Round "05"]
[TimeControl "180+2"]
[Date "2023.02.21"]
[WhiteClock "0:00:14"]
[BlackClock "0:00:21"]

1. Nf3 Nf6 2. c4 e6 3. g3 b6 4. Bg2 Bb7 5. O-O g6 6. b3 Bg7 7. Bb2 O-O 8. d4 d6 9. Nbd2 Nbd7 10. Qc2 Qe7 11. e4 e5 12. dxe5 dxe5 13. Rad1 a5 14. a4 Rfe8 15. Rfe1 Rad8 16. Nf1 Nc5 17. Rxd8 Qxd8 18. Bxe5 Bxe4 19. Qc3 Bxf3 20. Bxf6 Bxf6 21. Rxe8+ Qxe8 22. Qxf3 Bd4 23. Qd1 Qd8 24. Qc2 Qf6 25. h4 h5 26. Qd1 Qxf2+ 27. Kh2 Kg7 28. Nd2 Be5 29. Nf1 Qf6 30. Ne3 Qxh4+ 31. Kg1 Qxg3 32. Nd5 Qh2+ 33. Kf1 Qh4 34. Qe2 Qd4 35. Qf3 Qa1+ 36. Kf2 Qb2+ 37. Kg1 Qxb3 38. Qe4 Qd1+ 39. Kf2 Qd4+ 40. Qxd4 Bxd4+ 41. Ke2 Nxa4 42. Nxc7 Nc5 43. Nd5 Ne6 44. Kd3 Bc5 45. Bh3 a4 46. Kc3 a3 47. Kb3 Nd4+ 48. Ka2 g5 49. Bd7 g4 50. Nc3 g3 51. Bh3 Ne6 0-1


[Site "https://www.chess.com"]

[Event "Titled Tuesday Blitz February 21 Early 2023"]
[White "Alinasab, Mobina"]
[Black "Galchenko, Matvey"]
[WhiteFideId "12528897"]
[BlackFideId "24175480"]
[WhiteElo "2347"]
[BlackElo "2438"]
[Result "0-1"]
[Round "05"]
[TimeControl "180+2"]
[Date "2023.02.21"]
[WhiteClock "0:00:03"]
[BlackClock "0:00:26"]

1. Nf3 d5 2. g3 Nf6 3. Bg2 c5 4. d4 cxd4 5. O-O h6 6. b3 e6 7. Nxd4 e5 8. Nf3 Nc6 9. Bb2 Bd6 10. Nbd2 O-O 11. c4 d4 12. Rc1 Qe7 13. Re1 Bc5 14. e4 dxe3 15. fxe3 Bf5 16. Nh4 Bh7 17. Qf3 Rad8 18. Rcd1 Bc2 19. Nf5 Qe6 20. Bh3 Bxd1 21. Rxd1 Nh7 22. Ne4 Rxd1+ 23. Qxd1 Bxe3+ 24. Kg2 Bb6 25. Qg4 Qg6 26. Qf3 Ng5 27. Nxg5 Qxg5 28. Bc3 Rd8 29. Qe2 Nd4 30. Bxd4 exd4 31. Qd3 Qf6 32. Nh4 Qe5 33. Nf3 Qe3 34. Qf5 d3 35. Ne5 Qg1+ 36. Kf3 Qf2+ 0-1


[Site "https://www.chess.com"]

[Event "Titled Tuesday Blitz February 21 Early 2023"]
[White "Rottenwohrer Suarez, Juan"]
[Black "Pichot, Alan"]
[WhiteFideId "32068182"]
[BlackFideId "110973"]
[WhiteElo "2265"]
[BlackElo "2638"]
[Result "0-1"]
[Round "05"]
[TimeControl "180+2"]
[Date "2023.02.21"]
[WhiteClock "0:00:02"]
[BlackClock "0:00:38"]

1. Nf3 g6 2. g3 Bg7 3. Bg2 Nf6 4. O-O O-O 5. c4 d6 6. d4 Nc6 7. Nc3 a6 8. Re1 Bg4 9. Rb1 Nd7 10. Be3 e5 11. dxe5 dxe5 12. b3 h6 13. Qd2 Kh7 14. Rbd1 Be6 15. Ne4 f6 16. h4 Qe7 17. Nc3 Rad8 18. Nd5 Bxd5 19. cxd5 Nb6 20. h5 Nxd5 21. hxg6+ Kg8 22. Nh4 Nxe3 23. Qxe3 f5 24. Rxd8 Nxd8 25. Rd1 c6 26. Qb6 Ne6 27. Bh3 f4 28. Qa5 fxg3 29. fxg3 Nd4 30. e3 Qg5 31. Qe1 Nc2 32. Qe2 Qxg3+ 33. Ng2 Qxh3 34. Qxc2 Qg4 35. Rf1 Rd8 36. Qc4+ Qxc4 37. bxc4 Rd6 38. Rf7 b5 39. cxb5 cxb5 40. Nh4 Rxg6+ 41. Nxg6 Kxf7 42. Nh4 b4 43. Kf2 Ke6 44. Ke2 Kd5 45. Kd3 e4+ 46. Kc2 h5 47. Nf5 Bf6 48. Ng3 h4 49. Nh5 Be5 50. Kd2 0-1


[Site "https://www.chess.com"]

[Event "Titled Tuesday Blitz February 21 Early 2023"]
[White "Urazayev, Arystanbek"]
[Black "Silva, Pedro Gil Ferreira Da"]
[WhiteFideId "13709810"]
[BlackFideId "1946102"]
[WhiteElo "2460"]
[BlackElo "2227"]
[Result "1-0"]
[Round "05"]
[TimeControl "180+2"]
[Date "2023.02.21"]
[WhiteClock "0:01:27"]
[BlackClock "0:00:47"]

1. d4 Nf6 2. c4 g6 3. Nc3 Bg7 4. e4 O-O 5. Nf3 d6 6. Be2 e5 7. O-O exd4 8. Nxd4 Re8 9. f3 Nc6 10. Be3 Bd7 11. Qd2 Nxd4 12. Bxd4 Bc6 13. b4 a5 14. b5 Bd7 15. Rfe1 a4 16. Rad1 Be6 17. Bf1 Nd7 18. Bxg7 Kxg7 19. f4 Qf6 20. Nd5 Bxd5 21. cxd5 Nc5 22. e5 dxe5 23. Qc3 Qb6 24. Kh1 Kg8 25. fxe5 Rad8 26. Bc4 Re7 27. h3 Rde8 28. e6 Qd6 29. exf7+ Kxf7 30. Re6 Qd7 31. Qf6+ Kg8 32. Rxe7 Rxe7 33. d6+ 1-0


[Site "https://www.chess.com"]

[Event "Titled Tuesday Blitz February 21 Early 2023"]
[White "Harsh Suresh"]
[Black "Toktomushev, Teimur"]
[WhiteFideId "45018464"]
[BlackFideId "14176726"]
[WhiteElo "2298"]
[BlackElo "2239"]
[Result "0-1"]
[Round "05"]
[TimeControl "180+2"]
[Date "2023.02.21"]
[WhiteClock "0:00:06"]
[BlackClock "0:00:01"]

1. e4 c5 2. Nc3 e6 3. f4 d5 4. Nf3 Nc6 5. Bb5 Ne7 6. d3 g6 7. O-O Bg7 8. Qe1 O-O 9. Bxc6 Nxc6 10. Kh1 Rb8 11. b3 b5 12. Bb2 Nd4 13. Nxd4 cxd4 14. Nd1 dxe4 15. dxe4 Bb7 16. Nf2 f5 17. e5 Qd5 18. Rg1 Rfc8 19. Rd1 Rxc2 20. Rxd4 Rxb2 21. Rxd5 Bxd5 22. Nd3 Rxa2 23. Nb4 Bxb3 24. Nxa2 Bxa2 25. Qa5 Bd5 26. Qxa7 Ra8 27. Qd7 Rb8 28. Rb1 b4 29. Qd6 Rc8 30. Qxb4 Bf8 31. Qd2 Ra8 32. h4 Ra2 33. Rb2 Ra1+ 34. Kh2 Bc5 35. h5 Bg1+ 36. Kh3 Ra3+ 37. Kh4 Bh2 38. Kg5 Bg3 39. Kf6 Bh4# 0-1


[Site "https://www.chess.com"]

[Event "Titled Tuesday Blitz February 21 Early 2023"]
[White "Ahmadzada, Ahmad"]
[Black "Alice, Mateus Felizardo Viageiro"]
[WhiteFideId "13413007"]
[BlackFideId "14800047"]
[WhiteElo "2488"]
[BlackElo "2202"]
[Result "1/2-1/2"]
[Round "05"]
[TimeControl "180+2"]
[Date "2023.02.21"]
[WhiteClock "0:00:04"]
[BlackClock "0:00:21"]

1. Nf3 Nf6 2. g3 d5 3. Bg2 g6 4. O-O Bg7 5. b3 O-O 6. Bb2 c5 7. c4 d4 8. e3 Nc6 9. exd4 cxd4 10. Re1 Bf5 11. d3 Re8 12. a3 a5 13. Ne5 Nxe5 14. Rxe5 Nd7 15. Rb5 Ne5 16. Be4 Bxe4 17. dxe4 Qd7 18. Nd2 e6 19. f4 Nd3 20. Qc2 Nxb2 21. Qxb2 e5 22. Rd5 Qg4 23. fxe5 Bxe5 24. Rf1 Bg7 25. Qc2 Qe2 26. Rf2 Qe3 27. Kg2 Rad8 28. Rf3 Qe2+ 29. Rf2 d3 30. Qc1 Qe3 31. Rf3 Qe2+ 32. Rf2 Qe3 33. Rf3 Qe2+ 34. Rf2 1/2-1/2


[Site "https://www.chess.com"]

[Event "Titled Tuesday Blitz February 21 Early 2023"]
[White "Kukhmazov, Arsen"]
[Black "Corredor Castellanos, Camilo"]
[WhiteFideId "24108260"]
[BlackFideId "4425871"]
[WhiteElo "2512"]
[BlackElo "1957"]
[Result "1-0"]
[Round "05"]
[TimeControl "180+2"]
[Date "2023.02.21"]
[WhiteClock "0:00:11"]
[BlackClock "0:00:01"]

1. d4 g6 2. h4 h6 3. c4 Bg7 4. Nf3 c5 5. d5 b5 6. cxb5 a6 7. Nc3 axb5 8. Nxb5 Qa5+ 9. Nc3 Bxc3+ 10. bxc3 Qxc3+ 11. Bd2 Qa3 12. e4 Nf6 13. Qc2 Ba6 14. Bxa6 Qxa6 15. Ne5 d6 16. Nc4 Nbd7 17. O-O Qa4 18. Qd3 Ng4 19. f4 h5 20. e5 dxe5 21. f5 gxf5 22. Rxf5 f6 23. d6 e6 24. Rxh5 Rf8 25. Rh7 f5 26. Bg5 Rf7 27. Rh8+ Rf8 28. Rxf8+ Kxf8 29. Rf1 Qxa2 30. Rxf5+ Ke8 31. Rf1 Nf8 32. d7+ Nxd7 33. Qg6# 1-0


[Site "https://www.chess.com"]

[Event "Titled Tuesday Blitz February 21 Early 2023"]
[White "Fernandez Guillen, Ernesto J."]
[Black "Afanasieva, Alexandra"]
[WhiteFideId "3512428"]
[BlackFideId "34126926"]
[WhiteElo "2477"]
[BlackElo "1857"]
[Result "1-0"]
[Round "05"]
[TimeControl "180+2"]
[Date "2023.02.21"]
[WhiteClock "0:00:17"]
[BlackClock "0:00:09"]

1. e4 c5 2. Nf3 e6 3. d4 cxd4 4. Nxd4 Nf6 5. Nc3 Nc6 6. Nxc6 bxc6 7. Bd3 Bb4 8. O-O d5 9. e5 Nd7 10. Qg4 Bf8 11. Re1 g6 12. h4 Bg7 13. Bf4 Qc7 14. Qg3 Bb7 15. h5 O-O-O 16. b4 Nb6 17. a4 Bf8 18. Reb1 d4 19. Ne4 Nd5 20. Nd6+ Kb8 21. Nxb7 Qxb7 22. b5 c5 23. Be4 Be7 24. b6 axb6 25. a5 b5 26. a6 Qb6 27. Bd2 Rd7 28. Ba5 Qc6 29. c4 1-0


[Site "https://www.chess.com"]

[Event "Titled Tuesday Blitz February 21 Early 2023"]
[White "Real_OceanStorm"]
[Black "Paravyan, David"]
[BlackFideId "4194985"]
[WhiteElo "2781"]
[BlackElo "2601"]
[Result "0-1"]
[Round "05"]
[TimeControl "180+2"]
[Date "2023.02.21"]
[WhiteClock "0:00:13"]
[BlackClock "0:00:17"]

1. e4 e5 2. f4 exf4 3. Qf3 Nc6 4. c3 Qe7 5. d4 d5 6. Qxf4 Qxe4+ 7. Qxe4+ dxe4 8. Ne2 Bd6 9. Nd2 f5 10. Nc4 Be7 11. d5 Nb8 12. Bf4 Nf6 13. Ne3 Na6 14. O-O-O Nc5 15. Nd4 Nh5 16. Bxc7 Bg5 17. Kd2 Nf6 18. Bd6 Nxd5 19. Re1 Nxe3 20. Rxe3 Na4 21. Bb5+ Bd7 22. Bxa4 Bxa4 23. g3 O-O-O 24. Bf4 Bf6 25. h4 Bxd4 26. cxd4 Rxd4+ 27. Kc1 Rhd8 28. Rc3+ Bc6 29. Be5 R4d7 30. Rf1 g6 31. Bf6 Rf8 32. Bg5 a6 33. Kc2 Rd5 34. g4 Rf7 35. gxf5 Rfxf5 36. Re1 Rf2+ 37. Kb1 Rd3 38. Rc2 Rxc2 39. Kxc2 Kd7 40. Be3 Ke6 41. Kc1 Kf5 42. Kc2 Kg4 43. Bg5 Kf3 44. Rd1 Rxd1 45. Kxd1 e3 46. Ke1 e2 47. Bd2 Bd5 48. a4 b6 49. b4 Bb3 50. a5 b5 51. Bg5 Bd1 52. Bh6 Kg4 53. Bg5 Kh5 54. Be7 Kg4 55. Bg5 Kg3 56. Bf6 Kf3 57. Bg5 Bb3 58. Bh6 Bc4 59. Bg5 Kg4 60. Kf2 Kh5 61. Ke1 h6 62. Bf6 Kg4 63. Kf2 Kf5 64. Bh8 g5 65. hxg5 Kxg5 66. Bb2 h5 67. Be5 Kg4 68. Bd6 h4 69. Be5 Kf5 70. Bh2 Ke4 71. Ke1 Kf3 72. Bc7 Kg2 0-1


[Site "https://www.chess.com"]

[Event "Titled Tuesday Blitz February 21 Early 2023"]
[White "Bortnyk, Mykola"]
[Black "Lauridsen, Jesper Morch"]
[WhiteFideId "14120836"]
[BlackFideId "1401890"]
[WhiteElo "2425"]
[BlackElo "2309"]
[Result "1-0"]
[Round "05"]
[TimeControl "180+2"]
[Date "2023.02.21"]
[WhiteClock "0:01:30"]
[BlackClock "0:00:06"]

1. e4 c5 2. c3 Nf6 3. e5 Nd5 4. Nf3 e6 5. d4 cxd4 6. cxd4 d6 7. Bc4 Nc6 8. O-O Be7 9. Qe2 O-O 10. a3 Bd7 11. Rd1 Rc8 12. Bd3 Na5 13. exd6 Bxd6 14. Nc3 Nxc3 15. bxc3 Ba4 16. Re1 Nb3 17. Bxh7+ Kxh7 18. Ng5+ Kg6 19. Qg4 f5 20. Qh4 Nxc1 21. Rxe6+ Rf6 22. Qh7+ Kxg5 23. Qxg7+ Kh5 24. Rxf6 Ne2+ 25. Kh1 Qxf6 26. Qxf6 1-0


[Site "https://www.chess.com"]

[Event "Titled Tuesday Blitz February 21 Early 2023"]
[White "Navara, David"]
[Black "Sharapov, Evgeny"]
[WhiteFideId "309095"]
[BlackFideId "14103133"]
[WhiteElo "2678"]
[BlackElo "2375"]
[Result "1-0"]
[Round "05"]
[TimeControl "180+2"]
[Date "2023.02.21"]
[WhiteClock "0:00:09"]
[BlackClock "0:00:55"]

1. Nf3 c5 2. e4 d6 3. d4 cxd4 4. Nxd4 Nf6 5. Nc3 Nc6 6. Bg5 e6 7. Qd2 Be7 8. O-O-O O-O 9. f4 Nxd4 10. Qxd4 Qa5 11. h4 Rd8 12. Qe3 Bd7 13. Be2 Qc5 14. Qxc5 dxc5 15. e5 Nd5 16. Nxd5 Bxg5 17. hxg5 exd5 18. Rxd5 Bc6 19. Rxc5 Bxg2 20. Rh2 Bc6 21. Bd3 g6 22. f5 Rd4 23. e6 fxe6 24. fxg6 hxg6 25. Bxg6 Kg7 26. Bd3 Rh8 27. Rxh8 Kxh8 28. Kd2 Kg7 29. Re5 Kf7 30. c4 Rg4 31. Kc3 Ke7 32. c5 Bd5 33. a3 Rg3 34. b4 a6 35. a4 Kd7 36. b5 axb5 37. axb5 Kc7 38. g6 b6 39. c6 Kd6 40. Re1 e5 41. Kd2 e4 42. Bxe4 Bxe4 43. Rxe4 Rxg6 44. Rd4+ Kc7 45. Rd7+ Kc8 46. Rb7 Rd6+ 47. Kc3 Rd5 48. Rxb6 Rc5+ 49. Kb4 Rc1 50. Rb7 Rb1+ 51. Kc5 Rc1+ 52. Kb6 1-0


[Site "https://www.chess.com"]

[Event "Titled Tuesday Blitz February 21 Early 2023"]
[White "Jeet, Jain"]
[Black "Yilmaz, Mustafa"]
[WhiteFideId "5073022"]
[BlackFideId "6302718"]
[WhiteElo "2199"]
[BlackElo "2641"]
[Result "0-1"]
[Round "05"]
[TimeControl "180+2"]
[Date "2023.02.21"]
[WhiteClock "0:00:13"]
[BlackClock "0:00:05"]

1. d4 Nf6 2. Nf3 d5 3. Bf4 Bf5 4. e3 e6 5. Bd3 Nbd7 6. Bxf5 exf5 7. h3 c6 8. O-O Be7 9. Qd3 Ne4 10. c4 dxc4 11. Qxc4 Nb6 12. Qb3 Qd5 13. Qxd5 Nxd5 14. Bh2 Bb4 15. a3 Ba5 16. Rd1 f6 17. Nbd2 Bxd2 18. Nxd2 Nxd2 19. Rxd2 Kd7 20. g4 fxg4 21. e4 Nb6 22. hxg4 h5 23. gxh5 Rxh5 24. Bg3 Re8 25. f3 f5 26. Re1 fxe4 27. fxe4 Rg5 28. Rg2 Nc4 29. e5 Ke6 30. Ree2 Rg4 31. Bf2 Rxg2+ 32. Kxg2 Nb6 33. b3 Nd5 34. Re4 g5 35. Re1 Rf8 36. Rh1 Nf4+ 37. Kg3 Kd5 38. Rh7 b5 39. Rxa7 Ke4 40. a4 bxa4 41. bxa4 Ne2+ 42. Kg2 Nf4+ 43. Kg3 Ne2+ 44. Kg2 Rf3 45. Be1 Nf4+ 46. Kg1 Ne2+ 47. Kg2 Nf4+ 48. Kg1 Kxd4 49. a5 Kxe5 50. a6 Ra3 51. Ra8 Ke4 52. a7 Kf3 53. Rg8 Rxa7 54. Rxg5 Nh3+ 55. Kf1 Nxg5 56. Bd2 Ra1+ 57. Be1 Ne4 0-1


[Site "https://www.chess.com"]

[Event "Titled Tuesday Blitz February 21 Early 2023"]
[White "Matinian, Nikita"]
[Black "Mamedov, Edgar"]
[WhiteFideId "24129100"]
[BlackFideId "13739980"]
[WhiteElo "2407"]
[BlackElo "2193"]
[Result "1-0"]
[Round "05"]
[TimeControl "180+2"]
[Date "2023.02.21"]
[WhiteClock "0:00:12"]
[BlackClock "0:00:03"]

1. e4 c6 2. d4 d5 3. e5 c5 4. Nf3 cxd4 5. Qxd4 Nc6 6. Qf4 e6 7. Bd3 Bd7 8. Nc3 Nb4 9. O-O Nxd3 10. cxd3 h6 11. Be3 Ne7 12. Bc5 Ng6 13. Qb4 Bxc5 14. Qxc5 Qe7 15. Qe3 O-O 16. Nd4 Rac8 17. f4 Qc5 18. Rac1 Qb6 19. Rf2 Ne7 20. Rcf1 Nc6 21. Nce2 Nb4 22. a3 Nc2 23. Nxc2 Rxc2 24. Qxb6 axb6 25. Nd4 Rxf2 26. Kxf2 Rc8 27. Ke3 h5 28. Rf2 g6 29. Rc2 Rxc2 30. Nxc2 Kf8 31. Kd4 Ke7 32. g3 Kd8 33. Kc3 Kc7 34. b3 Be8 35. a4 Kd8 36. Nd4 Kc7 37. Kb4 Bc6 38. Ka3 Kd8 39. b4 Kc7 40. b5 Be8 41. Kb4 Bd7 42. a5 Bc8 43. Nf3 bxa5+ 44. Kxa5 b6+ 45. Kb4 Bd7 46. Nd4 Be8 47. Kc3 Kd8 48. Kd2 Ke7 49. Kc3 Kd8 50. Kb4 Kc7 51. h3 Kd8 52. g4 hxg4 53. hxg4 Kc7 54. Nf3 Kd8 55. Ng5 Kc7 56. d4 Kd8 57. Nf3 Ke7 58. Ne1 Kd8 59. Ng2 Ke7 60. Ne3 Bd7 61. f5 gxf5 62. gxf5 f6 63. Ng4 fxe5 64. f6+ Kf8 65. dxe5 Be8 66. Ne3 Bh5 67. Nc2 Be2 68. Nd4 Bg4 69. Kc3 Ke8 70. Kd2 Kf7 71. Ke3 Bd1 72. Kf4 Ba4 73. Kg5 Ke8 74. Kg6 Kf8 75. Nxe6+ Ke8 1-0


[Site "https://www.chess.com"]

[Event "Titled Tuesday Blitz February 21 Early 2023"]
[White "Malyi, Viacheslav"]
[Black "Cherniaiev, Tykhon"]
[WhiteFideId "14123983"]
[BlackFideId "14182360"]
[WhiteElo "2391"]
[BlackElo "2330"]
[Result "0-1"]
[Round "05"]
[TimeControl "180+2"]
[Date "2023.02.21"]
[WhiteClock "0:00:48"]
[BlackClock "0:00:05"]

1. e4 e5 2. Nf3 Nc6 3. Bb5 Nge7 4. O-O Ng6 5. c3 a6 6. Ba4 Be7 7. d4 b5 8. Bb3 O-O 9. Nxe5 Ncxe5 10. dxe5 Nxe5 11. f4 Ng6 12. Nd2 Bb7 13. Qh5 d5 14. e5 d4 15. Nf3 dxc3 16. bxc3 Bc5+ 17. Kh1 Qd3 18. Bb2 Nxf4 19. Qh4 Nxg2 20. Kxg2 Qe2+ 21. Kg3 Qxb2 22. Rab1 Qxc3 23. Rbc1 Qe3 24. Rce1 Qh6 25. Ng5 Qxh4+ 26. Kxh4 Be7 27. Kg4 Bc8+ 28. Kf4 Bxg5+ 29. Kxg5 Be6 30. Rc1 Bxb3 31. axb3 Rae8 32. Kf5 Re7 33. Rc5 Rfe8 34. Rfc1 Re6 35. h4 g6+ 36. Kf4 h5 37. Rd1 R8e7 38. Rd8+ Kg7 39. Rc8 f6 40. R8xc7 fxe5+ 41. Ke4 Rxc7 42. Rxc7+ Kf6 43. b4 Rd6 44. Ra7 Rd4+ 45. Ke3 Rxh4 46. Rxa6+ Kf5 47. Ra8 Rxb4 48. Rf8+ Kg5 0-1


[Site "https://www.chess.com"]

[Event "Titled Tuesday Blitz February 21 Early 2023"]
[White "Papasimakopoulos, Alexandros"]
[Black "Lymar, Vladislav"]
[WhiteFideId "4244125"]
[BlackFideId "14162180"]
[WhiteElo "2401"]
[BlackElo "2119"]
[Result "0-1"]
[Round "05"]
[TimeControl "180+2"]
[Date "2023.02.21"]
[WhiteClock "0:00:16"]
[BlackClock "0:00:54"]

1. d4 d5 2. c4 e6 3. Nc3 c5 4. cxd5 exd5 5. Nf3 Nc6 6. Bg5 Be7 7. Bxe7 Ngxe7 8. g3 c4 9. Bg2 O-O 10. O-O Be6 11. Ng5 Qb6 12. Qc2 Bf5 13. Qc1 Nxd4 14. e3 Ne6 15. Nxe6 Bxe6 16. Rd1 Rfd8 17. Qc2 Qc5 18. Rd2 b5 19. Rad1 Rd7 20. Ne2 Rad8 21. a3 Nc6 22. Nd4 Ne5 23. e4 dxe4 24. Nxe6 Rxd2 25. Nxc5 Rxd1+ 26. Bf1 Nf3+ 27. Kg2 Ne1+ 28. Kh3 Nxc2 29. Bg2 e3 30. fxe3 Nxe3 31. Bf3 R1d5 32. Nb7 R8d7 33. Na5 Rf5 34. Be2 Rdd5 35. g4 Rf2 36. Nc6 Rxe2 37. Ne7+ Kf8 38. Nxd5 Nxd5 0-1


[Site "https://www.chess.com"]

[Event "Titled Tuesday Blitz February 21 Early 2023"]
[White "Manukyan, Sargis A."]
[Black "Starozhilov, Leonid"]
[WhiteFideId "13303970"]
[BlackFideId "14106752"]
[WhiteElo "2158"]
[BlackElo "2313"]
[Result "0-1"]
[Round "05"]
[TimeControl "180+2"]
[Date "2023.02.21"]
[WhiteClock "0:00:17"]
[BlackClock "0:00:09"]

1. d4 Nf6 2. c4 g6 3. Nc3 d6 4. Nf3 Bg7 5. h3 Bf5 6. Bf4 O-O 7. e3 Nc6 8. Be2 Ne4 9. Nxe4 Bxe4 10. O-O e5 11. dxe5 dxe5 12. Bg3 Qxd1 13. Rfxd1 Rfd8 14. Rxd8+ Rxd8 15. Rd1 Rxd1+ 16. Bxd1 Bd3 17. b3 f6 18. Nd2 Bf8 19. Bf3 Bb4 20. Bd5+ Kg7 21. Nf3 Nd8 22. Nxe5 fxe5 23. Bxe5+ Kf8 24. Bxc7 Nc6 25. Bf3 Bb1 26. Bd1 Bxa2 27. Bc2 b6 28. Kf1 Na5 29. Bb8 Bxb3 30. Bxb3 Nxb3 31. Bxa7 Nd2+ 32. Ke2 Nxc4 33. Kd3 b5 34. f4 Kf7 35. g4 Bd2 36. f5 gxf5 37. gxf5 Bxe3 38. Bxe3 Nxe3 39. Kxe3 Kf6 40. Kd4 Kxf5 41. Kc5 Kf4 42. Kxb5 Kg3 43. Kc4 Kxh3 44. Kd4 Kg2 45. Ke4 h5 46. Kf4 h4 47. Kg4 h3 0-1


[Site "https://www.chess.com"]

[Event "Titled Tuesday Blitz February 21 Early 2023"]
[White "Migot, Tangi"]
[Black "Sokolovsky, Yahli"]
[WhiteFideId "662445"]
[BlackFideId "2820242"]
[WhiteElo "2373"]
[BlackElo "2461"]
[Result "0-1"]
[Round "05"]
[TimeControl "180+2"]
[Date "2023.02.21"]
[WhiteClock "0:00:12"]
[BlackClock "0:00:31"]

1. Nf3 d5 2. e3 Bg4 3. c4 dxc4 4. Bxc4 e6 5. Qb3 Bxf3 6. gxf3 Qc8 7. a4 a5 8. f4 Nd7 9. d4 Ngf6 10. Nc3 Bb4 11. Bd2 Nb6 12. Bb5+ c6 13. Bd3 O-O 14. O-O Nbd5 15. e4 e5 16. f3 exd4 17. exd5 dxc3 18. bxc3 Bc5+ 19. Kh1 Nxd5 20. Be4 Nf6 21. Rad1 Re8 22. Qc2 Qh3 23. Bc1 Rad8 24. Rxd8 Qxf1# 0-1


[Site "https://www.chess.com"]

[Event "Titled Tuesday Blitz February 21 Early 2023"]
[White "Karttunen, Mika"]
[Black "Vaibhav Jayant Raut"]
[WhiteFideId "502081"]
[BlackFideId "5089034"]
[WhiteElo "2490"]
[BlackElo "2237"]
[Result "1-0"]
[Round "05"]
[TimeControl "180+2"]
[Date "2023.02.21"]
[WhiteClock "0:00:19"]
[BlackClock "0:00:45"]

1. e4 c5 2. Nf3 d6 3. d4 cxd4 4. Nxd4 Nf6 5. Nc3 Nc6 6. Bc4 Bd7 7. Be3 Rc8 8. Bb3 Ng4 9. Nxc6 bxc6 10. Bd2 e5 11. h3 Nf6 12. g4 h6 13. Qe2 Be7 14. O-O-O a5 15. Kb1 Rb8 16. f4 Qc7 17. g5 hxg5 18. fxg5 Nh5 19. g6 f6 20. Qc4 Rb4 21. Nd5 Rxc4 22. Nxc7+ Kd8 23. Bxc4 Kxc7 24. Bxa5+ Kb7 25. Rd3 Nf4 26. Rb3+ Ka7 27. Bb6+ Ka8 28. Bf7 Rxh3 29. Rhxh3 Bxh3 30. Bc7 Bg2 31. Rb8+ Ka7 32. Re8 Bxe4 33. Rxe7 Ka6 34. Bxd6 Bxg6 35. Bc4+ Kb6 36. b4 Nd5 37. Bc5# 1-0


[Site "https://www.chess.com"]

[Event "Titled Tuesday Blitz February 21 Early 2023"]
[White "Ordekalog"]
[Black "Sadubayev, Airat"]
[BlackFideId "13713264"]
[WhiteElo "2560"]
[BlackElo "2320"]
[Result "1/2-1/2"]
[Round "05"]
[TimeControl "180+2"]
[Date "2023.02.21"]
[WhiteClock "0:00:04"]
[BlackClock "0:00:08"]

1. d4 d5 2. c4 dxc4 3. e3 Nf6 4. Bxc4 e6 5. Nf3 a6 6. a4 c5 7. O-O Nc6 8. Nc3 Be7 9. Qe2 cxd4 10. Rd1 O-O 11. exd4 Qa5 12. Bg5 Rd8 13. Bh4 Bd7 14. Ne5 Be8 15. Nxc6 Bxc6 16. Rd3 Qf5 17. Rad1 Nd5 18. Bxd5 Bxh4 19. Bxc6 bxc6 20. Ne4 Be7 21. h3 Rab8 22. Rf3 Qd5 23. Nc3 Qa5 24. Rdd3 Rb4 25. Qd2 Qb6 26. Qf4 Rf8 27. Rg3 Kh8 28. Qg4 Rg8 29. Qh5 Rf8 30. Rdf3 Bf6 31. Rxf6 Qxd4 32. Rxf7 Rg8 33. Rgxg7 Rxg7 34. Rf8+ Rg8 35. Qf7 Qg7 36. Rxg8+ Qxg8 37. Qf6+ Qg7 38. Qd8+ Qg8 39. Qf6+ Qg7 40. Qxe6 Rxb2 41. Qe8+ Qg8 42. Qe5+ Qg7 43. Qe8+ Qg8 44. Qxc6 Rc2 45. Qf6+ Qg7 46. Qd8+ Qg8 47. Qd4+ Qg7 48. Qd8+ Qg8 49. Qd4+ Qg7 50. Qd8+ 1/2-1/2


[Site "https://www.chess.com"]

[Event "Titled Tuesday Blitz February 21 Early 2023"]
[White "Belozerov, Andrei"]
[Black "Bews, Steven"]
[WhiteFideId "4120213"]
[BlackFideId "2400529"]
[WhiteElo "2461"]
[BlackElo "2295"]
[Result "1/2-1/2"]
[Round "05"]
[TimeControl "180+2"]
[Date "2023.02.21"]
[WhiteClock "0:00:03"]
[BlackClock "0:00:20"]

1. e4 e5 2. Nf3 Nf6 3. Nxe5 d6 4. Nf3 Nxe4 5. Qe2 Qe7 6. d3 Nf6 7. Bg5 Qxe2+ 8. Bxe2 Be7 9. Nc3 h6 10. Bd2 c6 11. O-O-O O-O 12. Rde1 Na6 13. Bd1 Re8 14. h3 Nc7 15. g4 Kf8 16. Nd4 Bd7 17. f4 Nfd5 18. Ne4 c5 19. Nf5 Bxf5 20. gxf5 Nf6 21. Bf3 d5 22. Nf2 Bd6 23. Ng4 Rxe1+ 24. Rxe1 Re8 25. Ne5 Re7 26. c4 Nd7 27. cxd5 Nxe5 28. fxe5 Rxe5 29. Rxe5 Bxe5 30. d6 Bxd6 31. Bxb7 Ke7 32. Bc3 Ne8 33. Bc6 Nf6 34. Kc2 g5 35. fxg6 fxg6 36. Kb3 g5 37. Kc4 g4 38. hxg4 Nxg4 39. Kb5 Nf2 40. Ka6 Nxd3 41. Kxa7 Be5 42. Bxe5 Nxe5 43. Be4 Kd6 44. Ka6 Nc6 45. Kb5 Nd4+ 46. Kc4 h5 47. a4 Ne6 48. a5 Nc7 49. Bg2 h4 50. b3 Na6 51. Kb5 Nb4 52. a6 Nxa6 53. Kxa6 c4 54. bxc4 Kc5 55. Bf1 h3 56. Ka5 h2 57. Bg2 h1=Q 58. Bxh1 Kxc4 1/2-1/2


[Site "https://www.chess.com"]

[Event "Titled Tuesday Blitz February 21 Early 2023"]
[White "Aldokhin, Ivan"]
[Black "Lehtosaari, Mauri"]
[WhiteFideId "24115720"]
[BlackFideId "501999"]
[WhiteElo "2413"]
[BlackElo "2176"]
[Result "1-0"]
[Round "05"]
[TimeControl "180+2"]
[Date "2023.02.21"]
[WhiteClock "0:00:19"]
[BlackClock "0:00:20"]

1. e4 c5 2. Nf3 e6 3. d4 cxd4 4. Nxd4 Nc6 5. Nxc6 bxc6 6. Bd3 d5 7. O-O Nf6 8. Qe2 Be7 9. Nc3 Qc7 10. exd5 cxd5 11. Nb5 Qb6 12. Be3 Qd8 13. Nxa7 Bd7 14. Nb5 O-O 15. a4 Qc8 16. Bd4 Qb7 17. b3 Rfc8 18. Qe5 Ne8 19. f4 Bf6 20. Qe3 Bxd4 21. Qxd4 Bxb5 22. axb5 Rxa1 23. Rxa1 Nd6 24. c4 g6 25. Ra7 Qb8 26. Rd7 Rd8 27. Rxd8+ Qxd8 28. c5 Nc8 29. b6 Qd7 30. Qb4 Ne7 31. b7 Nc6 32. b8=Q+ Nxb8 33. Qxb8+ Kg7 34. Qe5+ f6 35. Qd6 Qa7 36. h3 Qa1+ 37. Kh2 Qd4 38. c6 e5 39. Qe7+ Kh6 40. Qxf6 Qxd3 41. Qg5+ Kg7 42. Qxe5+ Kh6 43. c7 Qc2 44. Qg5+ Kg7 45. Qd8 Qc1 46. Qe7+ Kh6 47. Qf8+ Kh5 48. g4+ Kh4 49. Qh6# 1-0


[Site "https://www.chess.com"]

[Event "Titled Tuesday Blitz February 21 Early 2023"]
[White "Skvortsov, Andrei"]
[Black "Cunha, Lucas Aguiar"]
[WhiteFideId "24108600"]
[BlackFideId "2125404"]
[WhiteElo "2313"]
[BlackElo "2309"]
[Result "1-0"]
[Round "05"]
[TimeControl "180+2"]
[Date "2023.02.21"]
[WhiteClock "0:00:15"]
[BlackClock "0:00:12"]

1. c4 e6 2. Nc3 d5 3. cxd5 exd5 4. d4 Be7 5. Nf3 c6 6. Bf4 g6 7. e3 Bf5 8. Bd3 Bxd3 9. Qxd3 Nf6 10. h3 O-O 11. g4 Nbd7 12. Ne5 Re8 13. Nxd7 Qxd7 14. f3 Bd6 15. Bg5 Bg3+ 16. Kd2 Re6 17. Bxf6 Rxf6 18. f4 Re8 19. Raf1 Qe7 20. g5 Re6 21. Rf3 Bh4 22. a3 f5 23. gxf6 Qxf6 24. Rg1 Kh8 25. f5 gxf5 26. Ne2 Qh6 27. Nf4 R6e7 28. Qxf5 Rf8 29. Qxf8+ Qxf8 30. Ng6+ hxg6 31. Rxf8+ Kg7 32. Rf3 b6 33. Rg4 Bf6 34. Rfg3 c5 35. Rxg6+ Kf7 36. R6g4 cxd4 37. exd4 Re6 38. Rf3 Ke7 39. b3 a6 40. Rf5 Kd6 41. a4 a5 42. Kd3 Bd8 43. Rg8 Be7 44. Rb8 Kc7 45. Rg8 Kd6 46. Rg4 Re1 47. Rg6+ Kc7 48. Rxd5 Rd1+ 49. Kc2 Rh1 50. Rg7 Kc6 51. Rh5 Rh2+ 52. Kd3 Bd6 53. Rg6 Rb2 54. Kc3 1-0


[Site "https://www.chess.com"]